 Dungeon Crawl Stone Soup version 0.22.0 (webtiles) character file.

99 letownia2 the Insei (level 4, -6/32 HPs)
             Began as a Demonspawn Transmuter on Aug 11, 2018.
             Mangled by a hippogriff (7 damage)
             ... on level 3 of the Dungeon.
             The game lasted 00:06:03 (872 turns).

letownia2 the Insei (Demonspawn Transmuter)          Turns: 872, Time: 00:06:04

Health: -6/32      AC:  7    Str: 11    XL:     4   Next: 45%
Magic:  2/7        EV: 11    Int: 20    God:
Gold:   98         SH:  0    Dex: 13    Spells: 1/7 levels left

rFire    + . .     SeeInvis .     - Unarmed
rCold    + . .     Gourm    .   (no shield)
rNeg     . . .     Faith    .   n - +2 ring mail {rPois}
rPois    +         Spirit   .   (no helmet)
rElec    +         Reflect  .   (no cloak)
rCorr    +         Harm     .   (no gloves)
MR       .....                  (no boots)
Stlth    +.........             (no amulet)
HPRegen  0.10/turn              (no ring)
MPRegen  0.10/turn              (no ring)

@: brilliant, resistant, very slightly contaminated
A: sturdy frame 1
a: no special abilities


You were on level 3 of the Dungeon.
You were not hungry.

You visited 1 branch of the dungeon, and saw 3 of its levels.

You collected 98 gold pieces.

Inventory:

Hand Weapons
 o - a +0 hunting sling
Missiles
 a - 27 arrows
 p - 44 stones (quivered)
 q - 14 poisoned needles
Armour
 b - a +0 robe
 f - a +0 leather armour
 l - a +0 buckler
 n - a +2 ring mail of poison resistance (worn)
Scrolls
 e - 2 scrolls of identify {unknown}
 j - a scroll of fear {unknown}
 k - a scroll of teleportation {unknown}
Potions
 g - a potion of agility {unknown}
 h - a potion of curing {unknown}
 i - 2 potions of brilliance
 r - a potion of degeneration {unknown}
Comestibles
 d - a ration


   Skills:
 - Level 1.0 Fighting
 + Level 0.6 Armour
 - Level 1.7 Dodging
 + Level 4.4 Unarmed Combat
 - Level 2.0 Spellcasting
 + Level 2.0 Transmutations
 - Level 1.1 Poison Magic


You had one spell level left.
You knew the following spells:

 Your Spells              Type           Power        Failure   Level  Hunger
a - Beastly Appendage     Tmut           ###...       1%          1    #......
l - Sticks to Snakes      Tmut           ###.....     1%          2    ##.....
p - Spider Form           Tmut/Pois      ###.......   4%          3    ###....

Your spell library contained the following spells:

 Spells                   Type           Power        Failure   Level  Hunger
 Blade Hands              Tmut           ###.......   28%         5    ######.
 Ice Form                 Ice/Tmut       ###.....     17%         4    #####..


Dungeon Overview and Level Annotations

Branches:
Dungeon (3/15)

Altars:


Innate Abilities, Weirdness & Mutations

Your movements are slightly less encumbered by armour. (ER -2)


Message History

The hippogriff pecks you but does no damage.
The hippogriff claws you!
* * * LOW HITPOINT WARNING * * *
Unknown command.
It was a potion of brilliance.
You feel clever all of a sudden.
Your ball python bites the hippogriff but does no damage.
The hippogriff barely misses you. The hippogriff pecks you.
* * * LOW HITPOINT WARNING * * *
The hippogriff closely misses you.
Casting: Sticks to Snakes (safe; 1% risk of failure)
Confirm with . or Enter, or press ? or * to list all spells.
Okay, then.
It was a potion of resistance.
You feel protected.
Your ball python bites the hippogriff but does no damage.
The hippogriff bites you!
* * * LOW HITPOINT WARNING * * *
The hippogriff pecks you!
You die...

#.# #.# ... # #.# #.#
#.# #.#.# #.# #.#.#
#.# ...# #.#####.#
#.#######........
#......รท....#
#.###HS....####.#
#...@.####.####.#####
####### #.##........
#.##.#.##### #.##.#.#
#.##.#.# #.##.#.#
#######.##.#.#.#
#..............#
#.########.#.###


You could see a hippogriff and a friendly ball python.

Vanquished Creatures
  Jessica (D:2)
  A gnoll (D:3)
  An adder (D:2)
  3 worms
  2 dart slugs (D:1)
  2 leopard geckos (D:2)
  3 giant cockroaches
  5 goblins
  2 hobgoblins (D:1)
  6 kobolds
  A quokka (D:2)
  5 bats
  4 frilled lizards
  A rat (D:2)
37 creatures vanquished.

Vanquished Creatures (collateral kills)
  2 gnolls (D:3)
2 creatures vanquished.

Grand Total: 39 creatures vanquished

Notes
Turn   | Place    | Note
-------+----------+-------------------------------------------
     0 | D:1      | letownia2 the Demonspawn Transmuter began the quest for the Orb.
     0 | D:1      | Reached XP level 1. HP: 15/15 MP: 3/3
    34 | D:1      | Reached skill level 3 in Unarmed Combat
    79 | D:1      | Gained mutation: Your movements are slightly less encumbered by armour. (ER -2) [demonic ancestry]
    79 | D:1      | Reached XP level 2. HP: 20/21 MP: 3/5
   247 | D:2      | Learned a level 2 spell: Sticks to Snakes
   293 | D:2      | Reached XP level 3. HP: 13/26 MP: 4/6
   340 | D:2      | Learned a level 3 spell: Spider Form
   429 | D:2      | Reached skill level 4 in Unarmed Combat
   452 | D:2      | Noticed Jessica
   464 | D:2      | Killed Jessica
   464 | D:2      | Reached skill level 1 in Poison Magic
   657 | D:2      | Reached XP level 4. HP: 19/32 MP: 5/7
   861 | D:3      | Noticed a hippogriff
   872 | D:3      | HP: 1/32 [hippogriff (8)]
   872 | D:3      | Mangled by a hippogriff

Skill      XL: |  1  2  3  4 |
---------------+-------------+-----
Unarmed Combat | 3 4 |  4.4
Poison Magic   | 1 |  1.1
Transmutations | 2 |  2.0
Fighting       | |  1.0
Armour         | |  0.6
Dodging        | |  1.7
Spellcasting   | |  2.0

Action                   |  1- 3 |  4- 6 || total
-------------------------+-------+-------++-------
Melee: Unarmed           |    84 |    29 ||   113
       Kick              |    13 |     8 ||    21
       Headbutt          |     3 |       ||     3
       Punch             |     1 |       ||     1
 Cast: Beastly Appendage |    19 |     6 ||    25
       Sticks to Snakes  |     6 |     4 ||    10
  Use: Potion            |       |     2 ||     2
  Eat: Chunk             |       |     1 ||     1
Armor: Leather armour    |    11 |       ||    11
       Ring mail         |     1 |    11 ||    12
Dodge: Dodged            |    53 |    24 ||    77
